 Dungeon Crawl Stone Soup version 0.31.0-32-g396128a36d (webtiles) character file.

Game seed: 16326945616297973418

466 hawla the Firebug (level 6, -1/32 HPs)
             Began as a Deep Elf Fire Elementalist on Apr 15, 2024.
             Killed by nerve-wracking pain
             ... invoked by a shadow imp
             ... summoned by Eustachio
              (14 damage)
             ... on level 4 of the Dungeon.
             The game lasted 00:06:32 (3292 turns).

hawla the Firebug (Deep Elf Fire Elementalist)      Turns: 3292, Time: 00:06:34

Health: -1/32      AC:  3    Str:  5    XL:     6   Next: 81%
Magic:  15/21      EV: 12    Int: 25    God:
Gold:   193        SH:  0    Dex: 15    Spells: 4/11 levels left

rFire   . . .        g - +3 dagger
rCold   . . .        (no shield)
rNeg    . . .        a - +0 robe
rPois   .            (no helmet)
rElec   .            i - scarf "Fuigg" {repulsion, Int+3}
rCorr   .            (no gloves)
SInv    .            l - +0 pair of boots
Will    .....        (no amulet)
Stlth   ++           h - ring of magical power
HPRegen 0.25/turn    (no ring)
MPRegen 0.17/turn

%: repel missiles
@: weak-willed
A: no striking features
a: no special abilities


You were on level 4 of the Dungeon.
You visited 1 branch of the dungeon, and saw 4 of its levels.

You collected 193 gold pieces.

Inventory:

Hand Weapons
 g - a +3 dagger (weapon)
Armour
 a - a +0 robe (worn)
 i - the scarf "Fuigg" (worn) {repulsion, Int+3}
   (You acquired it on level 2 of the Dungeon)

   Int+3:     It affects your intelligence (+3).
 l - a +0 pair of boots (worn)
Jewellery
 h - a ring of magical power (left hand)
Wands
 q - a wand of acid (2) (quivered)
Scrolls
 f - a scroll of fog
 j - a scroll of silence
 m - a scroll of enchant armour
Potions
 b - a potion of magic
 c - a potion of curing
 d - 2 potions of attraction
 e - a potion of enlightenment
 k - 3 potions of lignification {unknown}
 o - a potion of degeneration {unknown}
 p - a potion of cancellation {unknown}


   Skills:
 - Level 2.7 Short Blades
 - Level 2.4 Dodging
 - Level 2.4 Stealth
 - Level 3.0 Spellcasting
 - Level 2.6 Conjurations
 + Level 6.8 Fire Magic
 + Level 2.6 Evocations


You had 4 spell levels left.
You knew the following spells:

 Your Spells              Type           Power      Damage    Failure   Level
a - Foxfire               Conj/Fire      100%       2x1d9     1%          1
b - Scorch                Fire           74%        2d8       1%          2
c - Flame Wave            Conj/Fire      27%        2d9       14%         4

Your spell library contained the following spells:

 Spells                   Type           Power      Damage    Failure   Level
 Sting                    Conj/Alch      40%        1d5       6%          1
 Inner Flame              Hex/Fire       20%        N/A       8%          3
 Volatile Blastmotes      Fire/Tloc      40%        2d13      8%          3
 Apportation              Tloc           6%         N/A       10%         1
 Necrotise                Necr           12%        1d4       10%         1
 Summon Small Mammal      Summ           12%        N/A       10%         1
 Cigotuvi's Dreadful Rot  Necr/Alch/Air  6%         N/A       16%         2
 Ignite Poison            Fire/Alch      20%        N/A       26%         4
 Freezing Cloud           Conj/Ice/Air   4%         6-21      89%         5


Dungeon Overview and Level Annotations

Branches:
Dungeon (4/15)
 Temple: D:4-7

Altars:

Annotations:
D:4 Eustachio


Message History

The flame wave engulfs Eustachio.
Eustachio is lightly wounded.
The flame wave engulfs the shadow imp.
The shadow imp is lightly wounded. (Press . to intensify the flame waves.) Eustachio casts a spell.
Eustachio blinks!
The shadow imp closely misses you.
As you read the scroll labelled ZIAFOE MIMAEW, it crumbles to dust.
A wave of despondency washes over your surroundings.
It was a scroll of vulnerability.
The shadow imp misses you.
Casting: Flame Wave (quite dangerous; 14% risk of failure)
Confirm with . or Enter, or press ? or * to list all spells.
You conjure some foxfire!
The shadow imp hits you.
Casting: Foxfire (safe; 1% risk of failure)
Confirm with . or Enter, or press ? or * to list all spells.
You conjure some foxfire!
The foxfire hits the shadow imp but does no damage.
The shadow imp is lightly wounded.
The foxfire hits the shadow imp.
The shadow imp is severely wounded.
The shadow imp hits you.
* * * LOW HITPOINT WARNING * * *
Casting: Foxfire (safe; 1% risk of failure)
Confirm with . or Enter, or press ? or * to list all spells.
You conjure some foxfire!
The foxfire hits the shadow imp but does no damage.
The shadow imp is severely wounded.
Eustachio gestures wildly while chanting.
Eustachio blinks!
The shadow imp hits you.
* * * LOW HITPOINT WARNING * * *
The iron imp closely misses you. The shadow imp hits you.
* * * LOW HITPOINT WARNING * * *
You feel better.
The foxfire hits the iron imp but does no damage.
The foxfire hits the iron imp.
The iron imp completely resists.
The foxfire hits the shadow imp.
The shadow imp is almost dead.
The shadow imp gestures at you. Pain shoots through your body!
You die...

#.#+#......#
#..........# #
#..........# #.
#...........
#.#+#...........
#....#..........
#....#.§§.......
#....)).@†......
#....))555@.....
#.#..)§)$...####
#[.)†.....# ..
.....#.).....# .~#
#.....#.......# ~~~.
..............########
...........^..........
......................


You could see Eustachio (weak-willed), an iron imp (summoned, weak-willed) and 2
shadow imps.

Vanquished Creatures
  Sigmund (D:4)
  An orc priest (D:3)
  Terence (D:3)
  An orc wizard (D:3)
  Robin (D:4)
  9 adders
  4 dart slugs
  4 ribbon worms
  12 orcs
  11 endoplasms
  7 giant cockroaches
  17 goblins
  9 hobgoblins
  5 quokkas
  5 ball pythons
  5 bats
  2 frilled lizards
  6 kobolds
  8 rats
109 creatures vanquished.

Vanquished Creatures (others)
  186 foxfires
186 creatures vanquished.

Grand Total: 295 creatures vanquished

Notes
Turn   | Place    | Note
-------+----------+-------------------------------------------
     0 | D:1      | hawla the Deep Elf Fire Elementalist began the quest for
                  | the Orb.
     0 | D:1      | Reached XP level 1. HP: 10/10 MP: 6/6
    36 | D:1      | Found a faded altar of an unknown god.
   270 | D:1      | Reached XP level 2. HP: 15/15 MP: 8/8
   398 | D:1      | Reached skill level 1 in Short Blades
   450 | D:1      | Learned a level 2 spell: Scorch
   473 | D:1      | Reached skill level 4 in Fire Magic
   915 | D:2      | Reached XP level 3. HP: 19/19 MP: 4/9
   917 | D:2      | Identified a scroll of acquirement
   917 | D:2      | Acquired the scarf "Fuigg" {repulsion, Int+3}
  1516 | D:2      | Reached XP level 4. HP: 24/24 MP: 10/10
  2136 | D:3      | Learned a level 4 spell: Flame Wave
  2195 | D:3      | Reached skill level 5 in Fire Magic
  2198 | D:3      | Reached XP level 5. HP: 25/28 MP: 7/11
  2572 | D:3      | Noticed Terence
  2579 | D:3      | Killed Terence
  2665 | D:3      | Reached skill level 6 in Fire Magic
  2798 | D:3      | Reached XP level 6. HP: 32/32 MP: 12/12
  3256 | D:4      | Noticed Robin
  3258 | D:4      | Noticed Sigmund
  3264 | D:4      | Killed Robin
  3266 | D:4      | Reached skill level 1 in Evocations
  3268 | D:4      | Killed Sigmund
  3282 | D:4      | Noticed Eustachio
  3285 | D:4      | HP: 1/32 [ribbon worm (5)]
  3292 | D:4      | Killed from afar by a shadow imp

Illustrated notes

Levels and vault maps discovered:
D:1:      mrwooster_arrival_statue_2, layout_loops_cross,
          ebering_ecumenical_altar_abandoned
D:2:      minmay_recursive_quarters, layout_basic
D:3:      layout_basic, minmay_quantized, uniq_terence
D:4:      layout_basic, trog_hazing_becter, serial_aquarium,
          aquarium_bridge_island_large [aquarium_subvault_large_water,
          aquarium_subvault_window, aquarium_subvault_bridge,
          aquarium_subvault_wall, aquarium_subvault_bridge],
          aquarium_bridge_straight [aquarium_subvault_bridge,
          aquarium_subvault_window, aquarium_subvault_bridge,
          aquarium_subvault_wall], aquarium_window_1, aquarium_window_1,
          aquarium_window_double, aquarium_view_2d, aquarium_view_2d,
          aquarium_pool_S, hangedman_decor_lopped, uniq_eustachio, uniq_sigmund,
          uniq_robin

Skill      XL: |  1  2  3  4  5  6 |
---------------+-------------------+-----
Short Blades   | 1 2 |  2.7
Fire Magic     | 4 5 6 |  6.8
Conjurations   | 2 |  2.6
Evocations     | 2 |  2.6
Dodging        | |  2.4
Stealth        | |  2.4
Spellcasting   | |  3.0

Action                     |  1- 3 |  4- 6 || total
---------------------------+-------+-------++-------
  Melee: Dagger            |    21 |    26 ||    47
   Cast: Foxfire           |    53 |    56 ||   109
         Scorch            |     6 |    16 ||    22
         Flame Wave        |       |     7 ||     7
    Use: Scroll            |     3 |     5 ||     8
         Potion            |       |     6 ||     6
   Stab: Sleeping          |     3 |     1 ||     4
 Armour: Robe              |     9 |    40 ||    49
  Dodge: Dodged            |    17 |    30 ||    47
         Repelled          |       |     5 ||     5
